 Dungeon Crawl Stone Soup version 0.28-a0-1624-g820543e53a (webtiles) character file.

Game seed: 3935553239415264710

226 soggyman666 the Shield-Bearer (level 6, -5/53 HPs)
             Began as a Gnoll Fighter on Jan 24, 2022.
             Was a Follower of Uskayaw.
             Slain by Menkaure (9 damage)
             ... on level 4 of the Dungeon.
             The game lasted 00:07:25 (3188 turns).

soggyman666 the Shield-Bearer (Gnoll Fighter)       Turns: 3188, Time: 00:07:26

Health: -5/53      AC: 15    Str: 18    XL:     6   Next: 1%
Magic:  8/8        EV:  9    Int:  7    God:    Uskayaw [*.....]
Gold:   91         SH:  5    Dex: 11    Spells: 8/8 levels left

rFire   . . .      SeeInvis .   d - +2 flail (protect)
rCold   . . .      Faith    .   c - +0 buckler
rNeg    . . .      Spirit   .   b - +1 scale mail
rPois   .          Reflect  .   (no helmet)
rElec   .          Harm     .   (no cloak)
rCorr   .          Rampage  .   (no gloves)
Will    .....                   (no boots)
Stlth   ..........              (no amulet)
HPRegen 0.17/turn               (no ring)
MPRegen 0.11/turn               (no ring)

@: about to teleport, under a protective aura
A: fangs 1, strong nose, distributed training
a: Renounce Religion, Stomp


You were on level 4 of the Dungeon.
You worshipped Uskayaw.
Uskayaw was noncommittal.
You visited 1 branch of the dungeon, and saw 4 of its levels.

You collected 91 gold pieces.

Inventory:

Hand Weapons
 a - a +1 war axe
 d - a +2 flail of protection (weapon)
Armour
 b - a +1 scale mail (worn)
 c - a +0 buckler (worn)
Scrolls
 f - a scroll of teleportation
Potions
 e - a potion of heal wounds {unknown}
 g - 2 potions of berserk rage {unknown}
 h - a potion of cancellation {unknown}
 i - a potion of ambrosia {unknown}
 j - a potion of magic {unknown}
 k - a potion of flight {unknown}
 l - a potion of lignification {unknown}


   Skills:
 + Level 6.7 Fighting
 + Level 1.7 Short Blades
 + Level 1.7 Long Blades
 + Level 4.9 Axes
 + Level 1.7 Maces & Flails
 + Level 1.7 Polearms
 + Level 1.7 Staves
 + Level 1.7 Slings
 + Level 1.7 Bows
 + Level 1.7 Crossbows
 + Level 1.7 Throwing
 + Level 6.7 Armour
 + Level 1.7 Dodging
 + Level 1.7 Stealth
 + Level 6.7 Shields
 + Level 1.7 Unarmed Combat
 + Level 1.7 Spellcasting
 + Level 1.3 Conjurations
 + Level 1.3 Hexes
 + Level 1.3 Summonings
 + Level 1.3 Necromancy
 + Level 1.3 Translocations
 + Level 1.3 Transmutations
 + Level 1.3 Fire Magic
 + Level 1.3 Ice Magic
 + Level 1.3 Air Magic
 + Level 1.3 Earth Magic
 + Level 1.3 Poison Magic
 + Level 2.0 Invocations
 + Level 1.7 Evocations


You had 8 spell levels left.
You didn't know any spells.
Your spell library contained the following spells:

 Spells                   Type           Power      Damage    Failure   Level
 Sandblast                Erth           4%         2d4       63%         1
 Passwall                 Tmut/Erth      1%         N/A       77%         2
 Ozocubu's Armour         Ice            2%         N/A       94%         3
 Stone Arrow              Conj/Erth      4%         3d7       94%         3
 Ozocubu's Refrigeration  Ice            1%         4d5       100%        7


Dungeon Overview and Level Annotations

Branches:
Dungeon (4/15)
 Temple: D:4-7

Altars:
Uskayaw

Annotations:
D:4 Menkaure


Innate Abilities, Weirdness & Mutations

You have very sharp teeth.
Your uncanny sense of smell can sniff out nearby items.
Your experience applies equally to all skills.


Message History

You closely miss the hound.
The hound is heavily wounded.
The hound barely misses you. The hound completely misses you.
You miss the hound.
The hound is moderately wounded.
You block the hound's attack.
Menkaure calls on the powers of darkness!
The worm convulses!
The hound convulses!
Your body is wracked with pain!
* * * LOW HITPOINT WARNING * * *
The quokka convulses!
The endoplasm convulses!
The hound completely misses you.
You can no longer pass through a line of other dancers.
You hit the hound.
Your weapon exudes an aura of protection.
The hound is severely wounded.
The quokka bites you but does no damage.
The hound bites you but does no damage. The quokka misses you.
Unknown command.
You closely miss the quokka.
The quokka is moderately wounded.
The hound closely misses you. The hound bites you.
* * * LOW HITPOINT WARNING * * *
You block the quokka's attack. The hound bites you but does no damage.
You closely miss the hound.
The hound is severely wounded.
You block the quokka's attack. The hound bites you but does no damage.
Menkaure barely misses you.
A kobold comes into view. It is wielding a +0 short sword.
The quokka barely misses you. The hound completely misses you.
Menkaure closely misses you.
As you read the scroll of teleportation, it crumbles to dust.
You feel strangely unstable.
The kobold shouts!
The hound bites you but does no damage.
The quokka bites you but does no damage.
Menkaure barely misses you.
You thump the hound!
Your weapon exudes an aura of protection.
You kill the hound!
The quokka closely misses you. Menkaure hits you!
You die...

#....... #.......
#......∆ #
###$....# .#
##.......####.#
.............K^
...
#.....##M#.#.##
#..#....w.@r......
#.......J##.#.#.##
#.###..### ...
#.........#
##.######## #.#
#.# ..# ###


You could see Menkaure (fast), a worm, an endoplasm, a quokka and a kobold.

Vanquished Creatures
  A hound (D:4)
  Terence (D:2)
  Natasha (thrice) (D:3)
  An orc wizard (D:3)
  3 adders
  2 dart slugs
  3 orcs (D:3)
  7 ball pythons
  3 endoplasms
  A giant cockroach (D:2)
  4 goblins
  12 hobgoblins
  6 jackals
  4 kobolds
  A quokka (D:1)
  4 bats
  6 frilled lizards
  4 rats
66 creatures vanquished.

Notes
Turn   | Place    | Note
-------+----------+-------------------------------------------
     0 | D:1      | soggyman666 the Gnoll Fighter began the quest for the Orb.
     0 | D:1      | Reached XP level 1. HP: 23/23 MP: 1/1
   204 | D:1      | Reached XP level 2. HP: 28/29 MP: 2/2
   476 | D:1      | Found a faded altar of an unknown god.
   486 | D:1      | Reached XP level 3. HP: 32/35 MP: 3/3
   833 | D:1      | Reached skill level 1 in Invocations
   988 | D:2      | Reached skill level 1 in Short Blades
   988 | D:2      | Reached skill level 1 in Long Blades
   988 | D:2      | Reached skill level 1 in Maces & Flails
   988 | D:2      | Reached skill level 1 in Polearms
   988 | D:2      | Reached skill level 1 in Staves
   988 | D:2      | Reached skill level 1 in Slings
   988 | D:2      | Reached skill level 1 in Bows
   988 | D:2      | Reached skill level 1 in Crossbows
   988 | D:2      | Reached skill level 1 in Throwing
   988 | D:2      | Reached skill level 1 in Dodging
   988 | D:2      | Reached skill level 1 in Stealth
   988 | D:2      | Reached skill level 1 in Unarmed Combat
   988 | D:2      | Reached skill level 1 in Spellcasting
   988 | D:2      | Reached skill level 1 in Evocations
  1050 | D:2      | Reached XP level 4. HP: 18/41 MP: 5/5
  1252 | D:2      | Noticed Terence
  1267 | D:2      | Killed Terence
  1542 | D:2      | Reached skill level 1 in Conjurations
  1542 | D:2      | Reached skill level 1 in Hexes
  1542 | D:2      | Reached skill level 1 in Summonings
  1542 | D:2      | Reached skill level 1 in Necromancy
  1542 | D:2      | Reached skill level 1 in Translocations
  1542 | D:2      | Reached skill level 1 in Transmutations
  1542 | D:2      | Reached skill level 1 in Fire Magic
  1542 | D:2      | Reached skill level 1 in Ice Magic
  1542 | D:2      | Reached skill level 1 in Air Magic
  1542 | D:2      | Reached skill level 1 in Earth Magic
  1542 | D:2      | Reached skill level 1 in Poison Magic
  1951 | D:3      | Reached XP level 5. HP: 47/47 MP: 6/6
  2255 | D:3      | Noticed Natasha
  2265 | D:3      | Killed Natasha
  2592 | D:3      | Found a hide-covered altar of Uskayaw.
  2674 | D:3      | Became a worshipper of Uskayaw the Reveller
  2822 | D:3      | Noticed Natasha
  2829 | D:3      | Killed Natasha
  2829 | D:3      | Reached * piety under Uskayaw
  2916 | D:3      | Noticed Natasha
  2923 | D:3      | Reached ** piety under Uskayaw
  2925 | D:3      | Killed Natasha
  2926 | D:3      | Reached XP level 6. HP: 47/53 MP: 8/8
  3171 | D:4      | Noticed Menkaure
  3188 | D:4      | Slain by Menkaure

Illustrated notes

Levels and vault maps discovered:
D:1:      minmay_arrival_open_corners, layout_basic,
          ebering_ecumenical_altar_ruins, hangedman_decor_opposing
D:2:      layout_rooms, uniq_terence
D:3:      layout_basic, eat_drink_and_be_merry_uskayaw, st_stairs_10,
          uniq_natasha
D:4:      layout_loops_ring, kennysheep_slug_shrine,
          nicolae_overflow_crystal_walls, minivault_11, uniq_menkaure

Skill      XL: |  1  2  3  4  5 |
---------------+----------------+-----
Invocations    | 1 2 |  2.0
Short Blades   | 1 |  1.7
Long Blades    | 1 |  1.7
Maces & Flails | 1 |  1.7
Polearms       | 1 |  1.7
Staves         | 1 |  1.7
Slings         | 1 |  1.7
Bows           | 1 |  1.7
Crossbows      | 1 |  1.7
Throwing       | 1 |  1.7
Dodging        | 1 |  1.7
Stealth        | 1 |  1.7
Unarmed Combat | 1 |  1.7
Spellcasting   | 1 |  1.7
Evocations     | 1 |  1.7
Conjurations   | 1 |  1.3
Hexes          | 1 |  1.3
Summonings     | 1 |  1.3
Necromancy     | 1 |  1.3
Translocations | 1 |  1.3
Transmutations | 1 |  1.3
Fire Magic     | 1 |  1.3
Ice Magic      | 1 |  1.3
Air Magic      | 1 |  1.3
Earth Magic    | 1 |  1.3
Poison Magic   | 1 |  1.3
Fighting       | |  6.7
Axes           | |  4.9
Armour         | |  6.7
Shields        | |  6.7

Action                   |  1- 3 |  4- 6 || total
-------------------------+-------+-------++-------
Melee: War axe           |    87 |   107 ||   194
       Bite              |     8 |     6 ||    14
       Flail             |       |     9 ||     9
  Use: Scroll            |     2 |     4 ||     6
       Potion            |     1 |       ||     1
Armor: Scale mail        |    51 |    73 ||   124
Dodge: Dodged            |    40 |    46 ||    86
Block: Buckler           |    32 |    20 ||    52

Table legend: (Time is in decaauts)
 A = Elapsed time spent in this place.
 B = Non-inter-level travel time spent in this place.
 C = Inter-level travel time spent in this place.
 D = Time resting spent in this place.
 E = Time spent auto-exploring this place.
 F = Levels seen in this place.
 G = Mean time per level.
                   A        B        C        D        E       F      G
               +--------+--------+--------+--------+--------+-----+--------+
         Total |   3246 |   3099 |    147 |    576 |   1996 |   4 |  811.5 |
       Dungeon |   3246 |   3099 |    147 |    576 |   1996 |   4 |  811.5 |
               +--------+--------+--------+--------+--------+-----+--------+

Top non-repeatable levels by time:
     D:3: 1438 daAuts
     D:2: 905 daAuts
     D:1: 881 daAuts
     D:4: 20 daAuts
